 Dungeon Crawl Stone Soup version 0.27-a0-279-gdfb9265905 (webtiles) character file.

Game seed: 17396261323987015181

340 gimp the Ruffian (level 6, -3/59 HPs)
             Began as a Troll Earth Elementalist on Feb 7, 2021.
             Was an Initiate of Gozag.
             Slain by a killer bee (6 damage)
             ... on level 5 of the Dungeon.
             The game lasted 00:05:45 (2917 turns).

gimp the Ruffian (Troll Earth Elementalist)         Turns: 2917, Time: 00:05:45

Health: -3/59      AC:  6    Str: 17    XL:     6   Next: 30%
Magic:  15/15      EV:  9    Int: 13    God:    Gozag
Gold:   182        SH:  0    Dex: 10    Spells: 2/7 levels left

rFire    . . .     SeeInvis +     - Unarmed
rCold    . . .     Faith    .   (no shield)
rNeg     . . .     Spirit   .   c - +0 robe
rPois    .         Reflect  .   (helmet restricted)
rElec    .         Harm     .   (no cloak)
rCorr    .         Rampage  .   (gloves unavailable)
Will     .....                  (boots unavailable)
Stlth    +.........             (no amulet)
HPRegen  0.59/turn              l - ring of see invisible
MPRegen  0.14/turn              r - ring of magical power

@: lethally poisoned (-3 -> -4)
A: large, unfitting armour, claws 3, regeneration 1, shaggy fur 1, tough skin 3
a: Renounce Religion, Potion Petition, Call Merchant, Bribe Branch


You were on level 5 of the Dungeon.
You worshipped Gozag.
Gozag was aware of your devotion.
You visited 2 branches of the dungeon, and saw 6 of its levels.

You collected 225 gold pieces.
You paid 43 gold pieces to Gozag.

Inventory:

Missiles
 b - 206 stones
 m - 17 poisoned darts
Armour
 c - a +0 robe (worn)
Jewellery
 l - a ring of see invisible (left claw)
 r - a ring of magical power (right claw)
Wands
 s - a wand of charming (8)
Scrolls
 d - 5 scrolls of teleportation
 g - 5 scrolls of identify {unknown}
 k - 5 scrolls of remove curse
 n - a scroll of enchant weapon {unknown}
 q - a scroll of magic mapping {unknown}
Potions
 a - a potion of ambrosia {unknown}
 e - a potion of invisibility {unknown}
 f - 3 potions of berserk rage {unknown}
 h - a potion of curing
 i - a potion of heal wounds {unknown}
 j - a potion of flight {unknown}
 o - 2 potions of degeneration {unknown}
 p - a potion of mutation {unknown}


   Skills:
 + Level 2.8 Fighting
 - Level 1.5 Dodging
 - Level 1.0 Stealth
 * Level 5.1 Unarmed Combat
 - Level 1.2 Spellcasting
 - Level 0.6 Transmutations
 - Level 2.6 Earth Magic


You had 2 spell levels left.
You knew the following spells:

 Your Spells              Type           Power        Failure   Level
a - Sandblast             Erth           14%          9%          1
b - Petrify               Tmut/Erth      5%           80%         4

Your spell library contained the following spells:

 Spells                   Type           Power        Failure   Level
 Passwall                 Tmut/Erth      4%           22%         2
 Stone Arrow              Conj/Erth      8%           43%         3
 Lee's Rapid Deconstruct  Erth           3%           94%         5


Dungeon Overview and Level Annotations

Branches:
Dungeon (5/15)             Temple (1/1) D:4

Altars:
Ashenzari
Dithmenos
Elyvilon
Gozag
Hepliaklqana
Makhleb
Nemelex Xobeh
Okawaru
Ru
Sif Muna
Trog
Uskayaw
Vehumet
Wu Jian
Xom
Yredelemnul
Zin
The Shining One


Innate Abilities, Weirdness & Mutations

You are too large for most types of armour.
You have claws for hands.
Your natural rate of healing is unusually fast.
You are covered in fur. (AC +1)
You have extremely tough skin. (AC +3)


Message History

You barely miss the killer bee.
The killer bee is heavily wounded.
The killer bee stings you!
* * * LOW HITPOINT WARNING * * *
You are poisoned.
The killer bee poisons you!
The killer bee stings you but does no damage.
You take 7 damage, and have 9/59 hp.
You barely miss the killer bee.
The killer bee is heavily wounded.
You feel sick. The killer bee barely misses you.
The killer bee stings you but does no damage.
You take 1 damage, and have 8/59 hp.
You barely miss the killer bee.
The killer bee is heavily wounded.
The killer bee stings you.
* * * LOW HITPOINT WARNING * * *
The killer bee stings you.
You die...
Your body crumbles into a pile of gold.

##...#.....####
.....#.....###
#....###.....# #....#
#####.# #....# #.#
###>...# #.# ##.##
#......#######.##
......##.#>).........)).
#...$y@........#####.#.
#.####.#.♣.♣.#.......>.
#.........#######.
#..♣.♣.♣.♣.# #.
#....._....# #.
....♣.♣.♣.♣.## #.
.##..........# #.
#.#.♣.♣.#..# #.
#........((######.


You could see a killer bee.

Vanquished Creatures
  An ogre (D:2)
  A scorpion (D:5)
  A hound (D:4)
  8 adders
  An ooze (D:3)
  An adder skeleton (D:4)
  3 worms
  2 dart slugs
  A leopard gecko (D:3)
  4 orcs
  A ball python (D:2)
  5 giant cockroaches
  5 goblins
  8 hobgoblins
  4 jackals (D:3)
  A quokka (D:5)
  4 bats
  A frilled lizard (D:2)
  5 rats
57 creatures vanquished.

Vanquished Creatures (collateral kills)
  A killer bee (D:5)
1 creature vanquished.

Vanquished Creatures (others)
  A killer bee (D:5)
1 creature vanquished.

Grand Total: 59 creatures vanquished

Notes
Turn   | Place    | Note
-------+----------+-------------------------------------------
     0 | D:1      | gimp the Troll Earth Elementalist began the quest for the
                  | Orb.
     0 | D:1      | Reached XP level 1. HP: 16/16 MP: 1/1
   158 | D:1      | Reached skill level 1 in Unarmed Combat
   196 | D:1      | Reached XP level 2. HP: 26/26 MP: 2/2
   546 | D:2      | Reached skill level 1 in Fighting
   546 | D:2      | Reached skill level 2 in Unarmed Combat
   546 | D:2      | Reached XP level 3. HP: 28/33 MP: 0/3
   743 | D:2      | Reached XP level 4. HP: 41/41 MP: 4/4
   748 | D:2      | Reached skill level 3 in Unarmed Combat
   801 | D:2      | Noticed an ogre
   817 | D:2      | Killed an ogre
   818 | D:2      | Reached skill level 4 in Unarmed Combat
   818 | D:2      | Reached XP level 5. HP: 40/49 MP: 5/5
  1695 | D:3      | Found a burning altar of Makhleb.
  2275 | D:4      | Found a sacrificial altar of Ru.
  2536 | D:4      | Found a staircase to the Ecumenical Temple.
  2551 | Temple   | Entered the Ecumenical Temple
  2727 | Temple   | Became a worshipper of Gozag Ym Sagoz the Greedy
  2779 | D:5      | Entered Level 5 of the Dungeon
  2824 | D:5      | Found an iron altar of Okawaru.
  2835 | D:5      | Reached XP level 6. HP: 59/59 MP: 6/6
  2856 | D:5      | Reached skill level 5 in Unarmed Combat
  2887 | D:5      | Learned a level 4 spell: Petrify
  2910 | D:5      | HP: 1/59 [killer bee (6)]
  2917 | D:5      | Slain by a killer bee

Illustrated notes

Levels and vault maps discovered:
D:1:      tarquinn_simple_flora_water_d, layout_rooms
D:2:      layout_basic
D:3:      layout_basic, makhleb_altar_promises_db
D:4:      layout_basic, kennysheep_little_box, minmay_temple_entry_glassed_door
D:5:      layout_loops_ring, nicolae_qazlal_eye_of_the_storm, okawaru_trees_1,
          uniq_eustachio
Temple:   regret_index_temple_sphere_string

Skill      XL: |  1  2  3  4  5  6 |
---------------+-------------------+-----
Unarmed Combat | 1 2 4 5 |  5.1
Fighting       | 1 2 |  2.8
Dodging        | |  1.5
Stealth        | |  1.0
Spellcasting   | |  1.2
Transmutations | |  0.6
Earth Magic    | |  2.6

Action                   |  1- 3 |  4- 6 || total
-------------------------+-------+-------++-------
Melee: Unarmed           |    80 |   100 ||   180
       Punch             |       |     2 ||     2
 Cast: Sandblast         |     1 |     1 ||     2
Evoke: Wand              |       |     2 ||     2
  Use: Scroll            |     4 |       ||     4
       Potion            |       |     3 ||     3
 Stab: Sleeping          |       |     3 ||     3
Armor: Robe              |    27 |    34 ||    61
Dodge: Dodged            |    32 |    48 ||    80

Table legend: (Time is in decaauts)
 A = Elapsed time spent in this place.
 B = Non-inter-level travel time spent in this place.
 C = Inter-level travel time spent in this place.
 D = Time resting spent in this place.
 E = Time spent auto-exploring this place.
 F = Levels seen in this place.
 G = Mean time per level.
                   A        B        C        D        E       F      G
               +--------+--------+--------+--------+--------+-----+--------+
         Total |   2903 |   2787 |    116 |      0 |   2311 |   6 |  483.8 |
       Dungeon |   2704 |   2609 |     95 |      0 |   2145 |   5 |  540.8 |
        Temple |    198 |    177 |     21 |      0 |    166 |   1 |  198.0 |
               +--------+--------+--------+--------+--------+-----+--------+

Top non-repeatable levels by time:
     D:3: 961 daAuts
     D:4: 626 daAuts
     D:2: 513 daAuts
     D:1: 468 daAuts
  Temple: 198 daAuts
     D:5: 134 daAuts
